 Dungeon Crawl Stone Soup version 0.26.0-10-g1f06aea511 (webtiles) character file.

Game seed: 512716466993282245

270 inc the Conjurer (level 6, -4/24 HPs)
             Began as a Felid Conjurer on Feb 2, 2021.
             Was a Plaything of Xom.
             Slain by a bullfrog (8 damage)
             ... in a sewer.
             The game lasted 00:09:55 (4977 turns).

inc the Conjurer (Felid Conjurer)                   Turns: 4977, Time: 00:09:56

Health: -4/24      AC:  2    Str:  1    XL:     6   Next: 1%
Magic:  5/13       EV: 17    Int: 21    God:    Xom [....*.]
Gold:   136        SH:  0    Dex: 13    Spells: 7/14 levels left
                                        Lives:  0   Deaths: 1

rFire    . . .     SeeInvis +   (weapon unavailable)
rCold    . . .     Faith    +   (shield unavailable)
rNeg     . . .     Spirit   .   (armour unavailable)
rPois    .         Reflect  .   (helmet unavailable)
rElec    .         Harm     .   (cloak unavailable)
rCorr    .         Rampage  .   (gloves unavailable)
Will     .....                  (boots unavailable)
Stlth    ++........             e - amulet of faith
HPRegen  0.08/turn              (no ring)
MPRegen  0.13/turn              (no ring)

@: cleaving, quick
A: very small, no armour, no weapons or thrown items, stealth, claws 1, fangs 3,
see invisible, clumsy 1, speed 1, shaggy fur 2, weak 1, subdued magic 1, sharp
paws
a: Renounce Religion


You were in a sewer.
You worshipped Xom.
You were a beloved toy of Xom.
You visited 1 branch of the dungeon, and saw 4 of its levels.
You also visited: Sewer.

You collected 136 gold pieces.

Inventory:

Jewellery
 e - an amulet of faith (around neck)
Scrolls
 a - 2 scrolls of fog {unknown}
 c - 3 scrolls of teleportation {unknown}
 d - a scroll of noise {unknown}
 f - a scroll of enchant weapon
 h - 3 scrolls of magic mapping
 k - a scroll of blinking
 m - 2 scrolls of fear {unknown}
Potions
 b - 2 potions of flight
 g - a potion of might
 i - a potion of brilliance
 j - 4 potions of heal wounds {unknown}
 l - a potion of curing


   Skills:
 - Level 2.6 Dodging
 - Level 2.6 Stealth
 - Level 0.2 Unarmed Combat
 - Level 4.5 Spellcasting
 - Level 5.3 Conjurations
 + Level 4.6 Hexes


You had 7 spell levels left.
You knew the following spells:

 Your Spells              Type           Power        Failure   Level
a - Magic Dart            Conj           80%          1%          1
b - Searing Ray           Conj           40%          1%          2
c - Fulminant Prism       Conj/Hex       9%           12%         4

Your spell library contained the following spells:

 Spells                   Type           Power        Failure   Level
 Dazzling Flash           Conj/Hex       38%          3%          3
 Iskenderun's Mystic Bla  Conj/Tloc      12%          32%         4


Dungeon Overview and Level Annotations

Branches:
Dungeon (4/15)              Sewer (1/1)
 Temple: D:4-7

Altars:
Makhleb
Xom


Innate Abilities, Weirdness & Mutations

You cannot wear armour.
You are incapable of wielding weapons or throwing items.
Your paws allow you to move quietly. (Stealth)
You have sharp claws.
You have razor-sharp teeth.
You have supernaturally acute eyesight. (SInv)
You cover ground quickly.
You are covered in thick fur. (AC +2)
Your sharp claws are effective at attacking unaware monsters.
You are clumsy. (Dex -2)
You are weak. (Str -2)
Your spells are a little easier to cast, but a little less powerful.


Message History

The searing ray hits the ball python!
You kill the ball python! (Press . to maintain the ray.)
The bullfrog hits you! The bullfrog hits you.
Your Hexes skill increases to level 4!
Welcome back to level 6!
The searing ray misses the adder.
The searing ray misses the ball python.
The searing ray hits the ooze!
The ooze is almost dead.
The bullfrog hits you!
* * * LOW HITPOINT WARNING * * *
Unknown command.
The searing ray hits the adder!
The adder is almost dead.
The searing ray hits the ball python!
You kill the ball python!
The searing ray hits the ooze.
You kill the ooze!
The bullfrog barely misses you. The adder misses you. The bullfrog hits you!
You die...
Xom laughs nastily!

≈≈≈#...## ≈≈≈....#
≈≈....# ≈.... ....
..# ##l## #.SF#
#.@.# #...# #####
################
≈≈≈≈≈≈≈≈≈≈≈≈≈#.###
≈†≈≈≈≈≈≈≈≈≈≈≈≈...##
≈≈≈≈.≈≈≈≈≈≈≈≈≈....##
≈≈≈≈.≈≈≈≈≈≈≈≈≈.....#


You could see a bullfrog, an adder and a frilled lizard.

Vanquished Creatures
  A bullfrog (Sewer)
  A hound (D:3)
  An orc wizard (D:3)
  Crazy Yiuf (D:2)
  An orc priest (D:3)
  An iguana (D:2)
  8 adders
  3 river rats (Sewer)
  4 oozes
  6 worms
  2 dart slugs
  A leopard gecko (D:3)
  6 orcs (D:3)
  4 giant cockroaches
  8 hobgoblins
  9 jackals
  2 quokkas (D:3)
  8 ball pythons (Sewer)
  9 bats
  7 frilled lizards
  9 goblins
  8 kobolds
  31 rats
131 creatures vanquished.

Notes
Turn   | Place    | Note
-------+----------+-------------------------------------------
     0 | D:1      | inc the Felid Conjurer began the quest for the Orb.
     0 | D:1      | Reached XP level 1. HP: 7/7 MP: 4/4
   232 | D:1      | Reached skill level 4 in Conjurations
   241 | D:1      | Reached XP level 2. HP: 11/11 MP: 4/6
   409 | D:1      | Learned a level 2 spell: Searing Ray
   588 | D:1      | You fall into a shaft and drop 1 floor!
   591 | D:2      | Found a runed translucent door.
   592 | D:2      | Noticed Crazy Yiuf
   661 | D:2      | Reached XP level 3. HP: 14/14 MP: 1/7
   931 | D:1      | Reached skill level 5 in Conjurations
  1072 | D:1      | Reached XP level 4. HP: 18/18 MP: 0/8
  2131 | D:2      | Found a shimmering altar of Xom.
  2247 | D:2      | Became a worshipper of Xom the Fickle
  2298 | D:2      | Killed Crazy Yiuf
  2476 | D:3      | Reached XP level 5. HP: 21/21 MP: 6/10
  2486 | D:3      | XOM: cast spell 'Cause Fear'
  2525 | D:2      | XOM: noise
  2902 | D:3      | XOM: silly message
  3211 | D:3      | Found a faded altar of an unknown god.
  3364 | D:3      | Gained mutation: You are covered in thick fur. (AC +2)
                  | [Felid growth]
  3364 | D:3      | Reached XP level 6. HP: 21/24 MP: 7/13
  3715 | D:3      | XOM: scenery: 1 doors close
  3777 | D:3      | XOM is BORED!
  3777 | D:3      | XOM: give mutations
  3777 | D:3      | Gained mutation: You are weak. (Str -2) [Xom's mischief]
  3777 | D:3      | Gained mutation: Your spells are a little easier to cast,
                  | but a little less powerful. [Xom's mischief]
  3851 | D:3      | Found a burning altar of Makhleb.
  3884 | D:3      | Learned a level 4 spell: Fulminant Prism
  4025 | D:3      | XOM: draining
  4096 | D:3      | XOM: summons 4 hostile demons
  4097 | D:3      | Noticed an ice devil
  4242 | D:4      | Reached skill level 1 in Hexes
  4335 | D:4      | Found a glowing drain.
  4365 | Sewer    | Entered a sewer
  4425 | Sewer    | XOM: confusion
  4455 | Sewer    | XOM: give mutations
  4455 | Sewer    | Gained mutation: You are clumsy. (Dex -2) [Xom's mischief]
  4455 | Sewer    | Gained mutation: You occasionally shout uncontrollably at
                  | your foes. [Xom's mischief]
  4455 | Sewer    | Lost mutation: You occasionally shout uncontrollably at
                  | your foes. [Xom's mischief]
  4829 | Sewer    | XOM: stat loss: -1 Int (20/21)
  4936 | Sewer    | XOM: summons 1 hostile demon
  4937 | Sewer    | XOM: swap monsters
  4944 | Sewer    | HP: 1/23 [white imp/puff of frost[Xom] (8)]
  4950 | Sewer    | Killed from afar by a white imp
  4951 | Sewer    | Reached XP level 5. HP: -4/20 MP: 3/12
  4974 | Sewer    | XOM: cleaving
  4976 | Sewer    | Reached XP level 6. HP: 11/24 MP: 7/13
  4977 | Sewer    | Slain by a bullfrog

Illustrated notes

Levels and vault maps discovered:
D:1:      nzn_arrival_depleted_hourglass, layout_basic
D:2:      layout_rooms, lemuel_doored_altar, uniq_crazy_yiuf_cottage
D:3:      layout_loops_corners, lightli_temple_of_fire,
          chequers_ecumenical_altar_simple, st_stairs_11, hangedman_decor_push,
          minivault_26
D:4:      layout_loops_corners, cheibrodos_sewer_entry_drain,
          amcnicky_mini_corridor_feature
Sewer:    sewer_minmay_w

Skill      XL: |  1  2  3  4  5  6 |
---------------+-------------------+-----
Conjurations   | 4 5 |  5.3
Spellcasting   | 3 4 |  4.5
Hexes          | 4 3 |  4.6
Dodging        | |  2.6
Stealth        | |  2.6
Unarmed Combat | |  0.2

Action                   |  1- 3 |  4- 6 || total
-------------------------+-------+-------++-------
Melee: Unarmed           |     2 |     1 ||     3
 Cast: Magic Dart        |    23 |    27 ||    50
       Searing Ray       |    14 |    73 ||    87
  Use: Scroll            |       |     7 ||     7
       Potion            |       |     2 ||     2
 Stab: Sleeping          |     2 |       ||     2
Armor: Skin              |       |     3 ||     3
Dodge: Dodged            |     4 |    56 ||    60
